AoeStats
← ogipochi_

Black Forest

510210613Analyzed
3v3 RM · 4d ago on Sep 30, 2026· 51m 28s· 6 players
Game mode
Random Map
Map size
Normal (6 player)
Population
200
Speed
Normal
Resources
Standard
Victory
Conquest
Starting age
Dark Age
Ending age
Imperial Age
RankedLock teamsTeams togetherTeam positionsShared explorationLock speedFull tech treeHidden civsTurbo modeCheats
Victory
Defeat
🇺🇸 Danes · United States
808
+14
🇨🇦 Chinese · Canada
738
+17
🇲🇽 Franks · Mexico
695
+17
🇯🇵 Maya · Japan
780
-17
🇨🇱 Bohemians · Chile
752
-16
🇧🇷 Goths · Brazil
727
-15
Emperador1988
5:56 Loom
8:11 Loom
14:43 Feudal Age
15:20 Horse Collar
15:25 Double-Bit Axe
19:31 Wheelbarrow
20:20 Gold Mining
20:21 Stone Mining
23:10 Castle Age
22:20 Forging
22:13 Padded Archer Armor
22:05 Fletching
24:07 Heavy Plow
24:17 Bow Saw
25:36 Stone Shaft Mining
25:51 Hand Cart
25:38 Town Watch
26:15 Scale Barding Armor
27:24 Caravan
28:25 Gold Shaft Mining
30:11 Murder Holes
30:29 Fortified Wall
30:31 Masonry
30:20 Bodkin Arrow
31:23 Fervor
31:41 Ballistics
31:59 Iron Casting
31:41 Leather Archer Armor
32:33 Murder Holes
34:24 Chain Barding Armor
37:36 Imperial Age
35:19 Great Wall
36:21 Scale Mail Armor
36:22 Man-at-Arms
37:03 Squires
38:39 Coinage
38:33 Sanctity
39:22 Two-Man Saw
38:57 Ring Archer Armor
39:04 Plate Barding Armor
37:50 Long Swordsman
38:18 Arson
38:58 Conscription
38:55 Two-Handed Swordsman
40:40 Blast Furnace
39:55 Chain Mail Armor
40:19 Plate Barding Armor
39:44 Bracer
41:15 Architecture
40:46 Heavy Rocket Cart
41:52 Champion
43:33 Plate Mail Armor
48:11 Chemistry
47:37 Illumination
48:48 Town Patrol
50:33 Capped Ram
51:32 Bloodlines
51:22 Husbandry
ZeroFuqsGiven
0:39 Loom
11:36 Feudal Age
17:03 Castle Age
15:24 Double-Bit Axe
16:35 Horse Collar
26:16 Bow Saw
27:36 Heavy Plow
28:29 Gold Mining
32:01 Imperial Age
31:02 Wheelbarrow
32:03 Pikeman
33:15 Halberdier
33:24 Onager
34:44 Gold Shaft Mining
34:33 Hand Cart
35:23 Stone Mining
37:14 Siege Engineers
38:39 Squires
38:52 Forging
38:43 Scale Mail Armor
38:08 Heavy Scorpion
39:22 Siege Onager
40:03 Northmen's Fury
42:27 Iron Casting
42:08 Chain Mail Armor
44:20 Caravan
46:25 Capped Ram
47:17 Elite Jomsviking
48:15 Arson
47:52 Elite Varangian Guard
50:00 Blast Furnace
49:31 Plate Mail Armor
49:29 Hamask
alangb_par
4:33 Loom
11:44 Feudal Age
12:12 Double-Bit Axe
21:02 Castle Age
22:02 Bow Saw
21:47 Gold Mining
24:29 Gold Shaft Mining
23:47 Stone Mining
28:10 Imperial Age
30:00 Chemistry
29:21 Ballistics
29:02 Cavalier
29:56 Scale Barding Armor
36:12 Paladin
38:07 Chain Barding Armor
38:26 Padded Archer Armor
38:16 Fletching
40:43 Leather Archer Armor
40:24 Bodkin Arrow
41:05 Plate Barding Armor
47:15 Chivalry
49:11 Scale Mail Armor
49:21 Forging
49:03 Arrowslits
49:09 Guard Tower
49:29 Fortified Wall
49:15 Murder Holes
49:01 Treadmill Crane
ogipochi_
0:40 Loom
12:26 Feudal Age
13:47 Wheelbarrow
13:04 Gold Mining
13:06 Stone Mining
13:02 Double-Bit Axe
12:59 Horse Collar
19:36 Castle Age
18:25 Forging
18:55 Scale Mail Armor
26:08 Arson
26:44 Bow Saw
28:38 Squires
31:47 Imperial Age
30:28 Hand Cart
30:00 Town Watch
31:02 Heavy Plow
31:24 Chain Mail Armor
32:18 Iron Casting
31:19 Eagle Warrior
33:01 Conscription
32:09 Capped Ram
33:02 Elite Eagle Warrior
35:08 Holcans
35:54 Blast Furnace
35:35 Plate Mail Armor
36:40 Padded Archer Armor
36:30 Fletching
37:02 Elite Skirmisher
37:48 Thumb Ring
37:47 Hul'che Javelineers
39:36 Siege Ram
41:06 Ballistics
41:47 Chemistry
40:45 Bodkin Arrow
41:05 Leather Archer Armor
40:55 Pikeman
41:21 Halberdier
brunoghizzokonig
0:28 Loom
13:18 Feudal Age
17:18 Castle Age
17:14 Double-Bit Axe
18:19 Horse Collar
33:48 Imperial Age
31:55 Wheelbarrow
31:23 Heavy Plow
33:45 Bow Saw
33:49 Forging
33:40 Scale Mail Armor
33:40 Padded Archer Armor
33:31 Fletching
33:37 Man-at-Arms
34:17 Squires
33:38 Pikeman
35:40 Crop Rotation
36:14 Two-Man Saw
35:51 Iron Casting
35:31 Chain Mail Armor
34:39 Long Swordsman
35:39 Hand Cart
37:39 Chemistry
36:30 Heated Shot
37:30 Two-Handed Swordsman
38:28 Perfusion
38:49 Conscription
39:46 Blast Furnace
38:42 Bodkin Arrow
39:39 Caravan
39:50 Guilds
40:30 Halberdier
45:37 Anarchy
44:58 Elite Huskarl
45:04 Champion
marchelio117
7:36 Loom
13:33 Feudal Age
25:12 Castle Age
25:14 Double-Bit Axe
31:24 Bow Saw
31:36 Forging
31:50 Horse Collar
35:08 Heavy Plow
39:25 Imperial Age
37:46 Wheelbarrow
42:11 Two-Man Saw
Connection lost

Rejoining the realm…

Still unreachable

The connection could not be restored.

Session expired

The server has moved on; the page needs a fresh start.